 Dungeon Sprint DCSS version 0.27-a0-1301-g128193abf8 (webtiles) character file.

Game seed: 13108761072011134052

68226 mhtbhm the Slayer (level 15, 0/120 HPs)
             Began as a Kobold Berserker on June 17, 2021.
             Was a High Priest of Trog.
             Killed by vampiric draining
             ... invoked by a vampire knight
              (8 damage)
             ... in the Dungeon (Sprint IX: "|||||||||||||||||||||||||||||").
             The game lasted 00:12:49 (6780 turns).

mhtbhm the Slayer (Kobold Berserker)                Turns: 6780, Time: 00:12:50

Health: 0/120      AC: 21    Str: 24    XL:     15   Next: 69%
Magic:  15/15      EV: 22    Int:  8    God:    Trog [*****.]
Gold:   678        SH:  0    Dex: 15    Spells: 14/14 levels left

rFire    . . .     SeeInvis .   a - +10 zealot's sword {holy, *Rage rN+ EV+3}
rCold    . . .     Faith    .   (shield restricted)
rNeg     + . .     Spirit   .   b - +3 chain mail
rPois    +         Reflect  .   A - +1 hat {Will+}
rElec    .         Harm     .   (no cloak)
rCorr    .         Rampage  .   k - +0 pair of gloves
Will     ++++.     Rnd*Rage +   l - +0 pair of boots Stlth ..........NoTele +
                                B - amulet of the acrobat
HPRegen  1.30/turn              C - ring of poison resistance
MPRegen  0.14/turn              n - +3 ring of strength

@: strong-willed, on berserk cooldown, regenerating
A: small, no large weapons, nightstalker 3
a: Renounce Religion, Berserk, Trog's Hand, Brothers in Arms


You were in the Dungeon.
You worshipped Trog.
Trog was extremely pleased with you.
You visited 1 branch You collected 1910 gold pieces.
You spent 1232 gold pieces at shops.

Inventory:

Hand Weapons
 a - the +10 zealot's sword (weapon) {holy, *Rage rN+ EV+3}
   (You found it in the Dungeon)

   It has been blessed by the Shining One to cause great damage to the undead
   and demons.
   It affects your evasion (+3).
   It protects you from negative energy.
   It may make you go berserk in combat.
 j - the +9 rapier "Giant's Bane" {vorpal, rElec}
   (Trog gifted it to you in the Dungeon)

   It inflicts extra damage upon your enemies.
   It insulates you from electricity.
 t - the +9 quick blade of the Unseen Realm {vorpal, +Rage}
   (Trog gifted it to you in the Dungeon)

   It inflicts extra damage upon your enemies.
   It lets you go berserk.
 z - the +9 scimitar "Ziluq" {vorpal, rPois rF+}
   (Trog gifted it to you in the Dungeon)

   It inflicts extra damage upon your enemies.
   It protects you from fire.
   It protects you from poison.
Missiles
 e - a throwing net
Armour
 b - a +3 chain mail (worn)
 k - a +0 pair of gloves (worn)
 l - a +0 pair of boots (worn)
 A - a +1 hat of willpower (worn)
Jewellery
 n - a +3 ring of strength (right hand)
 B - an amulet of the acrobat (around neck)
 C - a ring of poison resistance (left hand)
 D - a ring of see invisible
 E - a ring of resist corrosion
Scrolls
 h - a scroll of blinking
 o - 6 scrolls of identify
 p - 3 scrolls of fear
 q - 10 scrolls of enchant weapon
 r - a scroll of fog
 s - 9 scrolls of enchant armour
 v - a scroll of immolation
Potions
 c - 8 potions of curing
 d - 2 potions of heal wounds
 f - 4 potions of magic
 g - 3 potions of berserk rage
 i - a potion of invisibility
 u - a potion of resistance
 w - a potion of mutation
 x - a potion of cancellation {unknown}


   Skills:
 + Level 23.5 Fighting
 - Level 7.3(21.1) Short Blades
 * Level 20.6(20.8) Long Blades
 + Level 15.8 Armour
 + Level 16.5 Dodging
 - Level 0.6 Stealth
 + Level 9.9 Evocations


You had 14 spell levels left.
You didn't know any spells.
Your spell library was empty.

Dungeon Overview and Level Annotations

Branches:
Dungeon (1/1)

Altars:
Cheibriados
Dithmenos
Elyvilon
Fedhas
Gozag
Hepliaklqana
Kikubaaqudgha
Makhleb
Nemelex Xobeh
Okawaru
Qazlal
Ru
Sif Muna
Trog
Uskayaw
Vehumet
Wu Jian
Xom
Yredelemnul
Zin
The Shining One
Beogh
Jiyva
Lugonu

Shops:
D =(


Innate Abilities, Weirdness & Mutations

You are small and have problems with some larger weapons.
You are completely attuned to the shadows.


Message History

The vault guard hits you with a +0 dire flail!
* * * LOW HITPOINT WARNING * * *
The vault guard misses you.
Unknown command.
You swap places.
Your ogre barely misses the vault guard.
The vault guard hits your ogre with a +0 dire flail!!
Your ogre hits the vault guard with a +0 giant spiked club!!!
The vault guard hits your ogre with a +0 dire flail!!
Your ogre dies!
Your ogre's corpse disappears in a puff of smoke!
The vault guard shouts!
Unknown command.
Your ogre goes berserk!
Unknown command.
You swap places.
Your ogre closely misses the vault guard.
The vault guard barely misses your ogre.
The vault guard closely misses your ogre.
Your ogre hits the vault guard with a +0 giant spiked club!!!
The vault guard dies!
Trog accepts your kill.
You hear some strange, mumbled words.
Unknown command.
Something hits your ogre!!!
Your ogre dies!
Your ogre's corpse disappears in a puff of smoke!
Something completely misses you. x2
You hit something. Something hits you!!
* * * LOW HITPOINT WARNING * * *
Something barely misses you. Something draws life force from you!
* * * LOW HITPOINT WARNING * * *
Unknown command.
You closely miss something.
You feel yourself speed up. Something hits you but does no damage.
Something bites you but does no damage.
The vault guard hits you from afar with a +2 glaive of venom!
* * * LOW HITPOINT WARNING * * *
You slash something! Something draws life force from you!
You die...

*,,,,,,,,,,,,,,,,,,,
********************
*,,,,,,,,,,,,+,,,,,,
*,******************
*,,,,,,,,,,,,,,,,,,,
▓▓▓▓▓▓▓▓▓▓▓▓▓▓▓▓▓▓▓▓
▓..{.pp.p)[p.)[.{p)p
▓p▓▓▓▓▓▓▓▓▓▓▓▓▓▓▓▓▓▓
▓..@.......).......)
▓▓▓▓▓▓▓▓▓▓▓▓▓▓▓▓▓▓▓▓
▓...............'...
▓.▓▓▓▓▓▓▓▓▓▓▓▓▓▓▓▓▓▓
▓...............))..
▓▓▓▓▓▓▓▓▓▓▓▓▓▓▓▓▓▓▓▓
▓.........'.....))))
▓.▓▓▓▓▓▓▓▓▓▓▓▓▓▓▓▓▓▓
▓...................


You could see a vault guard (strong).

Vanquished Creatures
  An Orb Guardian (D)
  Rupert (D)
  Gastronok (D)
  2 frost giants (D)
  A draconian annihilator (D)
  An ironbound preserver (D)
  2 very ugly things (D)
  3 stone giants (D)
  A vampire knight (D)
  A bunyip (D)
  2 merfolk impalers (D)
  A mummy priest (D)
  A naga warrior (D)
  3 great orbs of eyes (D)
  2 hydras (D)
  An ogre mage (D)
  2 ghost crabs (D)
  A boulder beetle (D)
  Erolcha (D)
  Erica (D)
  A merfolk avatar (D)
  An anaconda (D)
  A merfolk aquamancer (D)
  2 centaur warriors (D)
  A vampire mage (D)
  2 deep troll earth magi (D)
  An alligator (D)
  3 tengu warriors (D)
  3 orc high priests (D)
  An iron troll (D)
  7 deep trolls (D)
  A sea snake (D)
  2 swamp dragons (D)
  A glowing orange brain (D)
  An ironbound convoker (D)
  2 wizards (D)
  A spriggan druid (D)
  2 deep elf pyromancers (D)
  2 orb spiders (D)
  A manticore (D)
  A harpy (D)
  3 ugly things (D)
  2 orc knights (D)
  A mana viper (D)
  3 cyclopes (D)
  2 orc sorcerers (D)
  2 wolf spiders (D)
  A slime creature (D)
  A naga mage (D)
  2 black mambas (D)
  A moth of wrath (D)
  A cane toad (D)
  3 komodo dragons (D)
  An efreet (D)
  5 trolls (D)
  3 merfolk (D)
  A meliai (D)
  5 polar bears (D)
  2 hornets (D)
  A jumping spider (D)
  A spriggan (D)
  2 wyverns (D)
  4 yaks (D)
  2 tarantellas (D)
  Grum (D)
  3 water moccasins (D)
  7 orc warriors (D)
  3 wolves (D)
  3 black bears (D)
  2 bullfrogs (D)
  A killer bee (D)
  3 orc priests (D)
  A hound (D)
  A gnoll shaman (D)
  5 orc wizards (D)
  A hell rat (D)
  An adder (D)
  A dart slug (D)
  4 orcs (D)
  A hobgoblin (D)
  A jackal (D)
  A kobold (D)
  2 rats (D)
157 creatures vanquished.

Vanquished Creatures (collateral kills)
  A tentacled monstrosity (D)
  A storm dragon (D)
  A frost giant (D)
  A vault warden (D)
  A very ugly thing (D)
  A vault guard (D)
  A deep troll shaman (D)
  A naga sharpshooter (D)
  A salamander mystic (D)
  A skeletal warrior (D)
  A wizard (D)
  A necromancer (D)
  An ugly thing (D)
  A black mamba (D)
  A troll (D)
  3 orc warriors (D)
18 creatures vanquished.

Vanquished Creatures (others)
  A hydra (D)
1 creature vanquished.

Grand Total: 176 creatures vanquished

Notes
Turn   | Place    | Note
-------+----------+-------------------------------------------
     0 | D        | mhtbhm the Kobold Berserker began the quest for the Orb.
     0 | D        | Reached XP level 1. HP: 14/14 MP: 1/1
    11 | D        | Reached ** piety under Trog
    12 | D        | Reached skill level 4 in Fighting
    19 | D        | Reached skill level 5 in Short Blades
    19 | D        | Reached XP level 2. HP: 20/20 MP: 2/2
   175 | D        | Reached *** piety under Trog
   182 | D        | Reached XP level 3. HP: 25/25 MP: 3/3
   190 | D        | Reached skill level 5 in Fighting
   190 | D        | Reached XP level 4. HP: 28/32 MP: 4/4
   232 | D        | Found a snail-covered altar of Cheibriados.
   232 | D        | Found a shadowy altar of Dithmenos.
   233 | D        | Found a white marble altar of Elyvilon.
   234 | D        | Found a blossoming altar of Fedhas.
   235 | D        | Found an opulent altar of Gozag.
   236 | D        | Found a hazy altar of Hepliaklqana.
   237 | D        | Found a viscous altar of Jiyva.
   238 | D        | Found an ancient bone altar of Kikubaaqudgha.
   239 | D        | Found a corrupted altar of Lugonu.
   240 | D        | Found a burning altar of Makhleb.
   241 | D        | Found a sparkling altar of Nemelex Xobeh.
   242 | D        | Found an iron altar of Okawaru.
   243 | D        | Found a stormy altar of Qazlal.
   244 | D        | Found a sacrificial altar of Ru.
   245 | D        | Found a shimmering blue altar of Sif Muna.
   246 | D        | Found a bloodstained altar of Trog.
   247 | D        | Found a hide-covered altar of Uskayaw.
   248 | D        | Found a radiant altar of Vehumet.
   249 | D        | Found an ornate altar of the Wu Jian Council.
   250 | D        | Found a shimmering altar of Xom.
   251 | D        | Found a basalt altar of Yredelemnul.
   252 | D        | Found a glowing silver altar of Zin.
   253 | D        | Found a glowing golden altar of the Shining One.
   259 | D        | Found the +10 zealot's sword {holy, *Rage rN+ EV+3}
   305 | D        | Noticed a yak
   305 | D        | Noticed an orc warrior
   309 | D        | Reached **** piety under Trog
   310 | D        | Reached skill level 6 in Fighting
   311 | D        | Noticed a troll
   313 | D        | Killed a yak
   314 | D        | Reached skill level 9 in Fighting
   314 | D        | Reached skill level 5 in Dodging
   314 | D        | Reached XP level 5. HP: 41/41 MP: 5/5
   314 | D        | Reached XP level 6. HP: 46/46 MP: 6/6
   318 | D        | Killed an orc warrior
   322 | D        | Killed a troll
   323 | D        | Reached skill level 11 in Fighting
   323 | D        | Reached XP level 7. HP: 37/54 MP: 7/7
   324 | D        | Reached ***** piety under Trog
   468 | D        | Noticed a deep elf pyromancer
   468 | D        | Noticed a cyclops
   468 | D        | Noticed a cyan ugly thing
   470 | D        | Noticed a cyclops
   472 | D        | Killed a deep elf pyromancer
   473 | D        | Reached skill level 12 in Fighting
   473 | D        | Reached skill level 5 in Armour
   473 | D        | Reached skill level 1 in Evocations
   473 | D        | Reached XP level 8. HP: 60/60 MP: 8/8
   474 | D        | Noticed a white ugly thing
   476 | D        | Killed a cyclops
   477 | D        | Reached XP level 9. HP: 66/66 MP: 9/9
   481 | D        | Noticed a troll
   483 | D        | Killed a cyan ugly thing
   484 | D        | Reached skill level 13 in Fighting
   490 | D        | Killed a cyclops
   491 | D        | Reached skill level 10 in Long Blades
   492 | D        | Killed a troll
   494 | D        | Killed a white ugly thing
   701 | D        | Noticed a four-headed hydra
   705 | D        | Reached XP level 10. HP: 74/74 MP: 10/10
   847 | D        | Noticed a komodo dragon
   853 | D        | Killed a nine-headed hydra
   854 | D        | Reached skill level 14 in Fighting
   855 | D        | Received a gift from Trog
   859 | D        | Killed a komodo dragon
   911 | D        | Noticed a boulder beetle
   911 | D        | Noticed a five-headed hydra
   919 | D        | Killed a boulder beetle
   927 | D        | Killed a 12-headed hydra
   927 | D        | Reached ****** piety under Trog
   928 | D        | Reached skill level 10 in Dodging
   928 | D        | Reached XP level 11. HP: 80/80 MP: 11/11
  1032 | D        | Received a gift from Trog
  1146 | D        | Reached skill level 15 in Long Blades
  1151 | D        | Reached skill level 15 in Fighting
  1154 | D        | Identified the +9 quick blade of the Unseen Realm {vorpal,
                  | +Rage} (Trog gifted it to you in the Dungeon)
  1154 | D        | Received a gift from Trog
  1219 | D        | Noticed Erica
  1224 | D        | Noticed Grum
  1229 | D        | Killed Erica
  1235 | D        | Identified the +9 scimitar "Ziluq" {vorpal, rPois rF+}
                  | (Trog gifted it to you in the Dungeon)
  1235 | D        | Received a gift from Trog
  1242 | D        | Killed Grum
  1492 | D        | Noticed an orc sorcerer
  1500 | D        | Received a gift from Trog
  1507 | D        | Killed an orc sorcerer
  1529 | D        | Received a gift from Trog
  1682 | D        | Noticed an orc knight
  1690 | D        | Noticed an orc high priest
  1693 | D        | Killed an orc knight
  1703 | D        | Noticed an orc knight
  1704 | D        | Noticed an orc high priest
  1706 | D        | Killed an orc high priest
  1707 | D        | Reached XP level 12. HP: 88/88 MP: 12/12
  1715 | D        | Reached skill level 16 in Fighting
  1717 | D        | Noticed an orc high priest
  1718 | D        | Killed an orc high priest
  1723 | D        | Received a gift from Trog
  1739 | D        | Killed an orc high priest
  2089 | D        | Noticed a deep troll
  2089 | D        | Noticed a deep troll
  2097 | D        | Killed a deep troll
  2098 | D        | Noticed a deep troll
  2104 | D        | Killed a deep troll
  2105 | D        | Noticed a deep troll
  2110 | D        | Killed a deep troll
  2111 | D        | Found Ogur's Magic Scroll Emporium.
  2112 | D        | Noticed a deep troll
  2116 | D        | Killed a deep troll
  2117 | D        | Reached skill level 17 in Fighting
  2120 | D        | Found Fuguigg's Jewellery Shoppe.
  2125 | D        | Killed a deep troll
  2125 | D        | Received a gift from Trog
  2153 | D        | Noticed a deep troll
  2355 | D        | Killed a deep troll
  2385 | D        | Found Neenk's Antique Weapon Emporium.
  2388 | D        | Found Zorri's Magic Scroll Shoppe.
  2389 | D        | Noticed an ogre mage
  2391 | D        | Noticed a deep troll
  2396 | D        | Killed an ogre mage
  2397 | D        | Noticed an iron troll
  2407 | D        | Killed a deep troll
  2422 | D        | Killed an iron troll
  2423 | D        | Reached XP level 13. HP: 48/97 MP: 13/13
  2428 | D        | Received a gift from Trog
  2476 | D        | Bought a scroll of magic mapping for 38 gold pieces
  2482 | D        | Bought a scroll of enchant armour for 97 gold pieces
  2482 | D        | Bought a scroll of enchant armour for 97 gold pieces
  2482 | D        | Bought a scroll of fear for 45 gold pieces
  2482 | D        | Bought a scroll of enchant weapon for 97 gold pieces
  2482 | D        | Bought a scroll of identify for 26 gold pieces
  2482 | D        | Bought a scroll of enchant armour for 97 gold pieces
  2482 | D        | Bought a scroll of enchant weapon for 97 gold pieces
  2484 | D        | Bought an amulet of the acrobat for 360 gold pieces
  2488 | D        | Bought a scroll of enchant weapon for 82 gold pieces
  2488 | D        | Bought a scroll of identify for 22 gold pieces
  2488 | D        | Bought a scroll of enchant weapon for 82 gold pieces
  2504 | D        | Bought a scroll of identify for 22 gold pieces
  2504 | D        | Bought a scroll of identify for 22 gold pieces
  2504 | D        | Bought a scroll of identify for 22 gold pieces
  2512 | D        | Bought a scroll of identify for 26 gold pieces
  2770 | D        | Noticed Gastronok
  2782 | D        | Killed Gastronok
  2783 | D        | Reached skill level 18 in Fighting
  3109 | D        | Noticed a centaur warrior
  3120 | D        | Killed a centaur warrior
  3142 | D        | Received a gift from Trog
  3153 | D        | Noticed a great orb of eyes
  3423 | D        | Killed a great orb of eyes
  3570 | D        | Noticed a stone giant
  3583 | D        | Received a gift from Trog
  3584 | D        | Reached skill level 19 in Fighting
  3596 | D        | Killed a stone giant
  3597 | D        | Reached skill level 10 in Armour
  3606 | D        | HP: 1/100 [tengu warrior (7)]
  3807 | D        | Noticed Rupert
  3807 | D        | Paralysed by Rupert for 5 turns
  3871 | D        | Killed Rupert
  3988 | D        | Noticed Erolcha
  3996 | D        | Killed Erolcha
  3996 | D        | Received a gift from Trog
  4093 | D        | Reached skill level 20 in Fighting
  4113 | D        | Reached XP level 14. HP: 104/108 MP: 14/14
  4144 | D        | Received a gift from Trog
  4410 | D        | Received a gift from Trog
  4427 | D        | Reached skill level 5 in Evocations
  4688 | D        | Identified the +9 rapier "Giant's Bane" {vorpal, rElec}
                  | (Trog gifted it to you in the Dungeon)
  4688 | D        | Received a gift from Trog
  4704 | D        | Reached skill level 15 in Dodging
  4728 | D        | Reached skill level 21 in Fighting
  4729 | D        | Received a gift from Trog
  5023 | D        | Noticed a bunyip
  5030 | D        | Killed a bunyip
  5046 | D        | Received a gift from Trog
  5412 | D        | Noticed a stone giant
  5413 | D        | Received a gift from Trog
  5414 | D        | Noticed a green very ugly thing
  5442 | D        | Killed a stone giant
  5443 | D        | Noticed a storm dragon
  5449 | D        | Killed a green very ugly thing
  5470 | D        | Noticed a frost giant
  5474 | D        | Received a gift from Trog
  5484 | D        | Killed a storm dragon
  5486 | D        | Reached skill level 22 in Fighting
  5487 | D        | Killed a frost giant
  5534 | D        | Noticed a frost giant
  5595 | D        | Killed a frost giant
  5595 | D        | Received a gift from Trog
  5596 | D        | Reached XP level 15. HP: 54/116 MP: 15/15
  6155 | D        | Noticed a frost giant
  6157 | D        | Noticed a stone giant
  6172 | D        | Killed a frost giant
  6172 | D        | Received a gift from Trog
  6178 | D        | HP: 6/177 [stone giant (23)]
  6181 | D        | Killed a stone giant
  6601 | D        | Noticed a red very ugly thing
  6601 | D        | Noticed an ironbound preserver
  6603 | D        | Noticed a green very ugly thing
  6625 | D        | Killed a red very ugly thing
  6638 | D        | Killed an ironbound preserver
  6639 | D        | Reached skill level 15 in Armour
  6640 | D        | Noticed a vault warden
  6644 | D        | Killed a green very ugly thing
  6650 | D        | Killed a vault warden
  6650 | D        | Received a gift from Trog
  6651 | D        | Reached skill level 23 in Fighting
  6661 | D        | Noticed a tentacled monstrosity
  6669 | D        | Killed a tentacled monstrosity
  6710 | D        | Noticed a purple draconian annihilator
  6711 | D        | Noticed an Orb Guardian
  6723 | D        | Killed a purple draconian annihilator
  6723 | D        | Received a gift from Trog
  6739 | D        | Killed an Orb Guardian
  6754 | D        | HP: 2/120 [something (7)]
  6780 | D        | Killed from afar by a vampire knight

Illustrated notes

Levels and vault maps discovered:
D:        linesprint [early_d, line_temple, items_1, d_10, items_2, lair_1,
          lair_end, items_3, orc_1, orc_end, items_4, d_15, swamp_1, shoals_1,
          snake_1, spider_1, d_20, vaults_1, items_5, swamp_end, shoals_end,
          snake_end, spider_end, vaults_end, d_27, items_6, zot_1, zot_end,
          crypt_end, forest_end, elf_end, slime_end, tomb_end, abyss_end,
          pan_hell_end]

Skill      XL: |  1  2  3  4  5  6  7  8  9 10 11 12 13 14 15 |
---------------+----------------------------------------------+-----
Fighting       | 4 5 9 11 12 13 14 15 17 20 22 23 | 23.5
Short Blades   | 5 6 7 |  7.3
Armour         | 2 3 4 5 6 7 8 11 14 15 | 15.8
Dodging        | 3 5 7 8 9 10 11 12 14 15 16 | 16.5
Long Blades    | 4 6 8 9 11 14 16 18 19 20 | 20.6
Evocations     | 1 2 3 4 8 9 |  9.9
Stealth        | |  0.6

Action                   |  1- 3 |  4- 6 |  7- 9 | 10-12 | 13-15 || total
-------------------------+-------+-------+-------+-------+-------++-------
Melee: Short sword       |    28 |       |       |       |       ||    28
       Eudemon blade     |       |    14 |    29 |    72 |    15 ||   130
       Quick blade       |       |       |       |   200 |   494 ||   694
Invok: Berserk           |     2 |     1 |     2 |     9 |    15 ||    29
       Brothers in Arms  |       |       |     2 |     1 |    11 ||    14
       Trog's Hand       |       |       |       |       |     1 ||     1
Evoke: Wand              |       |     1 |       |     2 |    12 ||    15
  Use: Potion            |       |       |       |       |     7 ||     7
       Scroll            |       |       |       |       |     3 ||     3
Armor: Ring mail         |       |     3 |     4 |    31 |       ||    38
       Chain mail        |       |       |       |       |    93 ||    93
Dodge: Dodged            |    12 |    11 |    12 |   113 |   222 ||   370
       Rpst.: Eudemon blade |       |     3 |     1 |    11 |     3 ||    18

Table legend: (Time is in decaauts)
 A = Elapsed time spent in this place.
 B = Non-inter-level travel time spent in this place.
 C = Inter-level travel time spent in this place.
 D = Time resting spent in this place.
 E = Time spent auto-exploring this place.
 F = Levels seen in this place.
 G = Mean time per level.
                   A        B        C        D        E       F      G
               +--------+--------+--------+--------+--------+-----+--------+
         Total |   6476 |   6476 |      0 |   3847 |   1034 |   1 | 6476.0 |
       Dungeon |   6476 |   6476 |      0 |   3847 |   1034 |   1 | 6476.0 |
               +--------+--------+--------+--------+--------+-----+--------+

Top non-repeatable levels by time:
       D: 6476 daAuts
